Map: Site Delta LE

Players

Darion

  • Race: Terran Terran
  • League: Silver
  • Spawn Location: 11:00

Achzay - Winner!

  • Race: Protoss Protoss
  • Spawn Location: 5:00

VOD

Have the link to the VOD?

Description

I am bad but he's worse

Time

  • Played on: Nov. 1, 2023, 10:31 a.m.
  • Length: 11:37
Show
View Real Time Build Order
Export as new Build Order

Darion Terran 

Build Orders:  

Get SALT Encoding   

  12  0:41  Command Center  
  13  0:42  SCV  
  13  0:54  SCV  
  14  1:07  SCV  
  15  1:13  Supply Depot  
  15  1:44  Supply Depot  
  15  1:47  Supply Depot  
  13  2:24  Supply Depot  
  13  2:27  Supply Depot  
  13  3:00  Barracks  
  13  3:03  Barracks  
  13  3:05  SCV  
  14  3:11  Refinery  
  14  3:13  SCV  
  14  3:17  SCV  
  16  3:25  SCV  
  17  3:29  SCV  
  18  3:37  SCV  
  18  3:38  Refinery  
  19  3:41  SCV  
  20  3:49  SCV  
  20  3:53  SCV  
  22  4:01  SCV, Marine  
  24  4:02  Marine  
  24  4:05  SCV  
  24  4:19  Marine  
  24  4:20  Marine  
  24  4:37  Factory  
  24  4:45  Factory  
  24  4:47  Marine x2  
  26  5:05  Marine x2  
  27  5:23  Marine x2  
  27  5:28  Hellion  
  31  5:32  Hellion  
  32  5:41  Marine  
  33  5:47  Starport  
  33  5:51  Starport  
  32  6:13  Factory Tech Lab  
  32  6:14  Factory Tech Lab  
  30  6:39  Siege Tank  
  32  6:40  Siege Tank  
  32  6:42  Barracks Tech Lab  
  32  6:43  Barracks Reactor  
  32  6:45  Starport Tech Lab  
  32  6:46  Starport Tech Lab  
  35  6:55  Starport Reactor  
  35  6:57  Starport Reactor  
  35  7:05  SCV  
  36  7:09  SCV  
  36  7:15  Refinery  
  37  7:17  SCV  
  37  7:20  Refinery  
  37  7:21  SCV  
  39  7:29  SCV  
  40  7:33  SCV  
  38  7:41  SCV  
  35  7:46  SCV  
  35  7:48  Marine  
  35  7:49  Marine x2  
  36  7:53  Siege Tank  
  36  7:54  SCV  
  36  7:55  Siege Tank  
  36  7:58  SCV  
  44  8:06  Marine x2  
  46  8:13  Marine  
  43  8:24  Marine x2  
  43  8:31  Marine  
  44  8:42  Marine x2  
  46  9:14  Orbital Command  
  46  9:58  Marine  
  46  10:01  Marine  
  46  10:03  SCV  
  46  10:05  Marine  
  46  10:10  Siege Tank  
  44  10:15  SCV  
  44  10:16  Marine  
  44  10:19  Marine  
  44  10:23  Marine  
  44  10:27  SCV  
  44  10:29  Siege Tank  
  44  10:34  Marine  
  40  10:37  Marine  
  40  10:39  Viking x2  
  40  10:41  Marine  
Show
View Real Time Build Order
Export as new Build Order

Achzay Protoss - Winner!

Build Orders: Cannon Rush 

Get SALT Encoding   

  12  0:14  Pylon  
  12  0:33  Forge  
  12  0:34  Probe  
  13  1:13  Pylon x2  
  13  1:17  Pylon  
  13  1:35  Photon Cannon  
  13  1:36  Photon Cannon  
  13  1:45  Photon Cannon  
  12  1:48  Probe  
  13  1:55  Gateway  
  13  2:00  Probe  
  14  2:07  Assimilator  
  14  2:12  Probe  
  15  2:24  Probe  
  16  2:32  Photon Cannon  
  16  2:36  Probe  
  17  2:42  Zealot  
  19  2:48  Probe  
  20  2:58  Cybernetics Core  
  20  2:59  Pylon  
  20  3:03  Probe  
  21  3:15  Probe  
  22  3:32  Pylon  
  22  3:33  Pylon  
  22  3:40  Photon Cannon  
  22  3:53  Photon Cannon  
  22  3:58  Probe  
  22  4:04  Warp Gate  
  22  4:06  Stalker  
  24  4:10  Assimilator  
  24  4:14  Probe  
  25  4:27  Probe  
  26  4:39  Probe  
  26  4:45  Photon Cannon  
  27  4:49  Photon Cannon  
  27  5:02  Photon Cannon  
  26  5:09  Probe  
  27  5:21  Nexus  
  27  5:26  Pylon  
  27  5:57  Stalker  
  27  6:09  Photon Cannon  
  27  6:11  Photon Cannon  
  27  6:12  Photon Cannon  
  27  6:17  Stalker  
  29  6:31  Gateway  
  29  6:34  Gateway  
  29  6:47  Probe x2  
  31  6:58  Stalker  
  31  6:59  Probe x2  
  35  7:08  Pylon  
  35  7:11  Probe x2  
  35  7:12  Assimilator  
  37  7:23  Probe x2  
  39  7:30  Stalker  
  39  7:31  Stalker x2  
  38  7:55  Stalker x3  
  44  8:01  Probe x2  
  44  8:13  Probe x2  
  44  8:24  Stalker x3  
  40  9:07  Stalker x2  
  40  9:08  Pylon, Stalker  
  46  9:11  Protoss Ground Weapons Level 1, Pylon  
  46  9:28  Protoss Air Weapons Level 1, Photon Cannon  
  46  9:29  Photon Cannon  
  46  9:32  Photon Cannon  
  46  9:36  Photon Cannon  
  46  9:38  Photon Cannon  
  46  9:40  Stalker x3  
  52  10:10  Stargate  
  52  10:11  Stargate  
  52  10:13  Stargate  
  52  10:17  Stargate, Stalker x3  
  52  10:44  Pylon  
  52  10:51  Stalker x3  
  58  11:23  Stalker x3  
  62  11:34  Pylon  
Tags
 
League
Silver
Matchup
PvT
Spawn Locations
Cross Positions
Add a new tag
Caveats
  • Supply blocks, unpowered buildings, or Contaminate may cause inaccurate times.
  • Supply counts are checked every 10 seconds.